AoeStats
← LyM. El Arquitecto

Arabia

510189161Analyzed
2v2 RM · 2d ago on Sep 29, 2026· 47m 58s· 4 players
Game mode
Random Map
Map size
Medium (4 player)
Population
200
Speed
Normal
Resources
Standard
Victory
Conquest
Starting age
Dark Age
Ending age
Imperial Age
RankedLock teamsTeams togetherTeam positionsShared explorationLock speedFull tech treeHidden civsTurbo modeCheats
Victory
Defeat
🇺🇸 Goths · United States
1029
+16
🇺🇸 Byzantines · United States
985
+18
🇦🇷 Wei · Argentina
1042
-18
🇵🇪 Franks · Peru
1001
-16
ask
6:47 Loom
10:00 Feudal Age
11:21 Man-at-Arms
11:51 Double-Bit Axe
12:58 Horse Collar
17:13 Town Watch
24:44 Castle Age
23:50 Forging
23:40 Scale Mail Armor
24:29 Gold Mining
24:47 Long Swordsman
25:28 Squires
26:06 Iron Casting
25:46 Chain Mail Armor
25:53 Bow Saw
25:34 Pikeman
30:48 Fletching
48:33 Anarchy
casper4405
8:53 Loom
11:24 Feudal Age
20:17 Castle Age
21:04 Castle Age
19:12 Scale Barding Armor
19:07 Padded Archer Armor
20:14 Double-Bit Axe
21:05 Padded Archer Armor
20:50 Horse Collar
21:30 Crossbowman
24:05 Forging
29:25 Fletching
30:18 Husbandry
31:53 Chain Barding Armor
32:11 Wheelbarrow
32:38 Iron Casting
36:20 Leather Archer Armor
38:10 Bodkin Arrow
41:54 Greek Fire
41:58 Heavy Plow
44:26 Gold Mining
44:41 Pikeman
45:30 Squires
45:18 Gambesons
45:19 Arson
47:12 Hand Cart
LyM. El Arquitecto
0:27 Loom
10:52 Feudal Age
12:57 Town Watch
13:41 Double-Bit Axe
20:57 Wheelbarrow
20:34 Horse Collar
23:43 Castle Age
21:46 Fletching
21:58 Gold Mining
22:10 Stone Mining
22:40 Padded Archer Armor
24:35 Bodkin Arrow
26:29 Ballistics
34:23 Bloodlines
34:13 Husbandry
42:11 Hand Cart
Juminican
10:56 Loom
13:05 Feudal Age
17:15 Double-Bit Axe
21:07 Castle Age
20:14 Scale Barding Armor
20:22 Forging
20:19 Scale Barding Armor
22:38 Iron Casting
22:24 Chain Barding Armor
22:30 Husbandry
25:10 Pikeman
25:50 Squires
28:23 Fletching
41:26 Gold Mining
Connection lost

Rejoining the realm…

Still unreachable

The connection could not be restored.

Session expired

The server has moved on; the page needs a fresh start.